 Dungeon Crawl Stone Soup version 0.24-a0-415-g6d73c25c48 (webtiles) character file.

Game seed: 6476474498743360287

679 theanonym the Grappler (level 7, -2/54 (56) HPs)
             Began as a Ghoul Gladiator on June 7, 2019.
             Slain by an iguana (6 damage)
             ... on level 4 of the Dungeon.
             The game lasted 00:04:43 (3230 turns).

theanonym the Grappler (Ghoul Gladiator)            Turns: 3230, Time: 00:04:44

HP:   -2/54 (56)    AC: 13    Str: 20    XL:     7   Next: 60%
MP:   6/6           EV:  4    Int:  3    God:
Gold: 152           SH:  4    Dex: 12    Spells: 6/6 levels left

rFire    . . .     SeeInvis .     - Unarmed
rCold    + . .     Gourm    .   i - +0 buckler
rNeg     + + +     Faith    .   f - +0 chain mail
rPois    ∞         Spirit   .   b - +0 helmet
rElec    .         Reflect  .   h - +1 cloak
rCorr    .         Harm     .   (no gloves)
MR       .....                  l - +1 pair of boots
Stlth    ..........             t - amulet of magic regeneration
HPRegen  0.00/turn              o - -4 ring of evasion (curse)
MPRegen  0.35/turn              a - +2 ring of dexterity

@: rotting
A: rotting body, claws 1, carnivore, cold resistance 1, negative energy
resistance 3, inhibited regeneration, torment resistance, unbreathing
a: no special abilities


Innate Abilities, Weirdness & Mutations

Your body is rotting away.
You thrive on raw meat.
You are immune to poison.
You have sharp fingernails.
You are carnivorous and can eat meat at any time.
Your flesh is cold resistant. (rC+)
You are immune to negative energy. (rN+++)
You do not regenerate when monsters are visible.
You are immune to unholy pain and torment.
You can survive without breathing.


   Skills:
 - Level 2.4 Fighting
 - Level 1.9 Throwing
 - Level 2.8 Dodging
 + Level 3.7 Shields
 * Level 8.0 Unarmed Combat


You had 6 spell levels left.
You didn't know any spells.
Your spell library contained the following spells:

 Spells                   Type           Power        Failure   Level  Hunger
 Animate Skeleton         Necr           N/A          100%        1    ##.....
 Apportation              Tloc           #.....       100%        1    ##.....
 Confusing Touch          Hex            #.....       100%        1    ##.....
 Summon Small Mammal      Summ           #...         100%        1    ##.....

Skill      XL: |  1  2  3  4  5  6  7 |
---------------+----------------------+-----
Unarmed Combat | 4 5 6 7 8 |  8.0
Shields        | 1 2 3 |  3.7
Fighting       | |  2.4
Throwing       | |  1.9
Dodging        | |  2.8

Action                   |  1- 3 |  4- 6 |  7- 9 || total
-------------------------+-------+-------+-------++-------
Melee: Unarmed           |    81 |   180 |   184 ||   445
Throw: Throwing net      |     2 |       |       ||     2
  Use: Scroll            |     2 |     5 |     1 ||     8
 Stab: Held in net/web   |     1 |       |       ||     1
  Eat: Chunk             |     1 |     5 |     2 ||     8
Armor: Leather armour    |     9 |       |       ||     9
       Ring mail         |    11 |    36 |       ||    47
       Chain mail        |       |    54 |    96 ||   150
Dodge: Dodged            |    45 |    37 |    28 ||   110
Block: Buckler           |     5 |    33 |    17 ||    55

Inventory:

Missiles
 c - 2 throwing nets (quivered)
Armour
 b - a +0 helmet (worn)
 f - a +0 chain mail (worn)
 h - a +1 cloak (worn)
 i - a +0 buckler (worn)
 k - a +0 ring mail
 l - a +1 pair of boots (worn)
Jewellery
 a - a +2 ring of dexterity (right claw)
 o - a cursed -4 ring of evasion (left claw)
 t - an amulet of magic regeneration (around neck)
Wands
 v - a wand of acid (3)
Scrolls
 r - a scroll of identify
 B - 2 scrolls of blinking
Potions
 d - a potion of invisibility {unknown}
 g - 3 potions of haste {unknown}
 j - a potion of resistance {unknown}
 m - a potion of brilliance {unknown}
 n - 3 potions of might {unknown}
 p - a potion of heal wounds {unknown}
 q - a potion of cancellation {unknown}
 s - a potion of lignification {unknown}
 u - a potion of agility {unknown}
 w - 3 potions of curing
Comestibles
 e - 6 rations


You were on level 4 of the Dungeon.
You were not hungry.

You visited 1 branch of the dungeon, and saw 4 of its levels.
You also visited: Ossuary.

You collected 152 gold pieces.

Dungeon Overview and Level Annotations

Branches:
Dungeon (4/15)
 Temple: D:4-7

Altars:
Fedhas
Hepliaklqana
Wu Jian
Xom
Zin

#### #########
...########.......#
..(#..#...#...♣...#
...#..#...#..#.#..#
...#..#...#.♣.#.♣.#
..÷'..#...#.l#§#@l#
...#..'...#...♣...#
...##.###.#.......#
#####)###.####'####
# #...#.÷...#....#
# #...'.....#....#
# #...#)....#....#
# #...#.....#....#
# #...#.....#....##


You could see an iguana.

Notes
Turn   | Place    | Note
-------+----------+-------------------------------------------
     0 | D:1      | theanonym the Ghoul Gladiator began the quest for the Orb.
     0 | D:1      | Reached XP level 1. HP: 17/17 MP: 0/0
   140 | D:1      | Reached XP level 2. HP: 25/25 MP: 1/1
   449 | D:1      | Reached skill level 4 in Unarmed Combat
   482 | D:1      | Reached XP level 3. HP: 30/30 MP: 2/2
  1011 | D:2      | Noticed a phantom
  1103 | D:2      | Noticed Terence
  1120 | D:2      | Killed Terence
  1150 | D:2      | Noticed Jessica
  1154 | D:2      | Killed Jessica
  1154 | D:2      | Reached skill level 1 in Shields
  1154 | D:2      | Reached XP level 4. HP: 31/37 MP: 3/3
  1243 | D:2      | Killed a phantom
  1243 | D:2      | Reached skill level 2 in Shields
  1243 | D:2      | Reached skill level 5 in Unarmed Combat
  1243 | D:2      | Reached XP level 5. HP: 26/42 MP: 4/4
  1439 | D:3      | Found a faded altar of an unknown god.
  1607 | D:3      | Found an ornate altar of the Wu Jian Council.
  1713 | D:3      | Found a blossoming altar of Fedhas.
  1714 | D:3      | Found a hazy altar of Hepliaklqana.
  1751 | D:3      | Reached skill level 6 in Unarmed Combat
  2225 | D:4      | Reached XP level 6. HP: 44/50 MP: 5/5
  2507 | D:4      | Found a shimmering altar of Xom.
  2508 | D:4      | Noticed an angel
  2541 | D:4      | Found a glowing silver altar of Zin.
  2565 | D:4      | Reached skill level 3 in Shields
  2565 | D:4      | Reached skill level 7 in Unarmed Combat
  2714 | D:4      | Found a sand-covered staircase.
  2725 | D:4      | Reached XP level 7. HP: 43/56 MP: 6/6
  2730 | Ossuary  | Entered an ossuary
  3220 | D:4      | HP: 27/54 [iguana (6)]
  3222 | D:4      | Reached skill level 8 in Unarmed Combat
  3226 | D:4      | HP: 18/54 [iguana (9)]
  3229 | D:4      | HP: 4/54 [iguana (5)]
  3230 | D:4      | Slain by an iguana

Vanquished Creatures
  2 phantoms
  A bullfrog (D:4)
  A hound (D:4)
  An orc priest (D:4)
  2 orc wizards (D:4)
  Jessica (D:2)
  Terence (D:2)
  5 big kobold zombies (Ossuary)
  2 mummies
  An adder (D:3)
  3 oozes
  An adder skeleton (D:4)
  2 worms (D:3)
  A dart slug (D:1)
  3 leopard geckos
  13 orcs
  2 spectral bats (Ossuary)
  2 ball pythons
  4 bats
  4 giant cockroaches
  7 goblins
  8 hobgoblins
  5 kobolds
  2 quokkas
  A bat simulacrum (Ossuary)
  5 frilled lizards
  7 gnoll zombies (Ossuary)
  3 goblin simulacra (Ossuary)
  5 goblin zombies
  3 hobgoblin zombies (Ossuary)
  2 kobold simulacra (Ossuary)
  4 kobold zombies (Ossuary)
  8 orc zombies
  A quokka skeleton (D:4)
  6 rats
  3 rat simulacra (Ossuary)
  A spectral goblin (Ossuary)
  3 spectral kobolds (Ossuary)
  7 spectral rats (Ossuary)
133 creatures vanquished.

Table legend:
 A = Turns spent in this place as a percentage of turns spent in the entire game.
 B = Non-inter-level travel turns spent in this place as a percentage of non-inter-level travel turns spent in the entire game.
 C = Inter-level travel turns spent in this place as a percentage of turns spent in this place.
 D = Turns resting spent in this place as a percentage of non-inter-level travel turns spent in this place.
 E = Turns spent auto-exploring this place as a percentage of non-inter-level travel turns spent in this place.
 F = Non-inter-level travel turns spent in this place divided by the number of levels of this place that you've seen.
                   A       B       C       D       E      F
               +-------+-------+-------+-------+-------+----------------------
         Total | 100.0 | 100.0 |   4.4 |   9.8 |  63.1 | 617.6
       Dungeon |  86.2 |  85.6 |   5.1 |  11.4 |  66.9 | 660.5
       Ossuary |  13.8 |  14.4 |   0.0 |   0.4 |  40.8 | 446.0
               +-------+-------+-------+-------+-------+----------------------
